 Dungeon Crawl Stone Soup version 0.26-a0-466-g989023bd0d (webtiles) character file.

Game seed: 167055307341234761

160 KristoblXynda the Ducker (level 5, -1/45 HPs)
             Began as a Troll Hedge Wizard on Aug 2, 2020.
             Slain by a white imp (5 damage)
             ... on level 6 of the Dungeon.
             The game lasted 00:03:19 (1820 turns).

KristoblXynda the Ducker (Troll Hedge Wizard)       Turns: 1820, Time: 00:03:20

Health: -1/45      AC:  6    Str: 18    XL:     5   Next: 17%
Magic:  7/7        EV: 10    Int: 11    God:
Gold:   129        SH:  0    Dex:  9    Spells: 7/8 levels left

rFire    . . .     SeeInvis .     - Unarmed
rCold    . . .     Faith    .   (no shield)
rNeg     . . .     Spirit   .   b - +0 robe
rPois    .         Reflect  .   c - +0 hat
rElec    .         Harm     .   (no cloak)
rCorr    .                      (gloves unavailable)
MR       .....                  (boots unavailable)
Stlth    +.........             d - amulet of regeneration
HPRegen  0.95/turn              (no ring)
MPRegen  0.10/turn              (no ring)

@: no status effects
A: large, unfitting armour, claws 3, regeneration 1, shaggy fur 1, tough skin 3
a: no special abilities


You were on level 6 of the Dungeon.
You visited 1 branch of the dungeon, and saw 4 of its levels.

You collected 129 gold pieces.

Inventory:

Armour
 b - a +0 robe (worn)
 c - a +0 hat (worn)
Jewellery
 d - an amulet of regeneration (around neck)
Scrolls
 e - 2 scrolls of identify
 f - 2 scrolls of remove curse
 j - a scroll of fog
Potions
 a - a potion of mutation
 g - a potion of flight
 h - a potion of stabbing
 i - a potion of might


   Skills:
 + Level 2.8 Dodging
 - Level 1.0 Stealth
 + Level 2.7 Unarmed Combat
 - Level 2.0 Spellcasting
 + Level 2.1 Conjurations
   Level 0.6 Summonings
   Level 0.6 Translocations


You had 7 spell levels left.
You knew the following spells:

 Your Spells              Type           Power        Failure   Level
a - Magic Dart            Conj           #...         12%         1

Your spell library contained the following spells:

 Spells                   Type           Power        Failure   Level
 Blink                    Tloc           N/A          34%         2
 Call Imp                 Summ           #.......     34%         2
 Slow                     Hex            #.......     41%         2
 Conjure Flame            Conj/Fire      #.......     50%         3
 Mephitic Cloud           Conj/Pois/Air  #.......     54%         3


Dungeon Overview and Level Annotations

Branches:
Dungeon (3/15)

Altars:
Trog
Yredelemnul


Innate Abilities, Weirdness & Mutations

You are too large for most types of armour.
You have claws for hands.
Your natural rate of healing is unusually fast.
You are covered in fur. (AC +1)
You have extremely tough skin. (AC +3)


Message History

The adder is almost dead.
The adder bites you but does no damage.
Unknown command.
You closely miss the adder.
The adder is almost dead.
The adder bites you.
You scratch the adder.
You kill the adder!
The centaur wields a +0 shortbow.
The centaur shoots an arrow.
The arrow hits you.
* * * LOW HITPOINT WARNING * * *
You claw the orc!
You kill the orc!
The centaur shoots an arrow.
The arrow hits you but does no damage.
The centaur unwields a +0 shortbow.
The centaur hits you.
* * * LOW HITPOINT WARNING * * *
The white imp hits you.
* * * LOW HITPOINT WARNING * * *
The white imp freezes you.
You die...

########.....#.
#######.[...#
#....##.....# #
###....##.(...#
#.#....(......#.#
..#.#.#.#{........#.#
.........c........# #
......#5#####.....#
###...#c@(....###.#
.... #####...# .#
...## #.......# ...
#.##..# .. #! ... .


You could see a centaur and a white imp.

Vanquished Creatures
  A hound (D:6)
  Robin (D:2)
  3 adders
  4 worms
  3 leopard geckos
  An orc (D:6)
  A ball python (D:2)
  5 bats
  2 giant cockroaches
  18 goblins
  11 hobgoblins
  6 jackals (D:1)
  A frilled lizard (D:3)
  8 kobolds
  10 rats
75 creatures vanquished.

Notes
Turn   | Place    | Note
-------+----------+-------------------------------------------
     0 | D:1      | KristoblXynda the Troll Hedge Wizard began the quest for
                  | the Orb.
     0 | D:1      | Reached XP level 1. HP: 16/16 MP: 2/2
    86 | D:1      | Reached skill level 1 in Conjurations
   108 | D:1      | Reached XP level 2. HP: 12/24 MP: 4/4
   123 | D:1      | Reached skill level 1 in Unarmed Combat
   462 | D:1      | Reached XP level 3. HP: 28/31 MP: 5/5
   984 | D:2      | Noticed Robin
  1025 | D:2      | Reached XP level 4. HP: 32/39 MP: 6/6
  1030 | D:2      | Killed Robin
  1222 | D:2      | Noticed a moth of wrath
  1225 | D:2      | Found a bloodstained altar of Trog.
  1559 | D:3      | Found a bloodstained altar of Trog.
  1611 | D:3      | Found a basalt altar of Yredelemnul.
  1775 | D:3      | You fall into a shaft and drop 3 floors!
  1789 | D:6      | Noticed a centaur
  1794 | D:6      | Noticed a sky beast
  1812 | D:6      | Reached XP level 5. HP: 12/45 MP: 7/7
  1820 | D:6      | Slain by a white imp

Illustrated notes

Levels and vault maps discovered:
D:1:      dpeg_arrival_rooms_a, layout_basic
D:2:      layout_basic, tgw_trog, uniq_robin
D:3:      layout_loops_ring, lemuel_crystal_altar, trog_hazing_becter
D:6:      layout_basic, nicolae_tso_besieged_by_evil

Skill      XL: |  1  2  3  4 |
---------------+-------------+-----
Conjurations   | 1 2 |  2.1
Unarmed Combat | 1 2 |  2.7
Dodging        | 2 |  2.8
Stealth        | |  1.0
Spellcasting   | |  2.0
Summonings     | |  0.6
Translocations | |  0.6

Action                   |  1- 3 |  4- 6 || total
-------------------------+-------+-------++-------
Melee: Unarmed           |   164 |   103 ||   267
       Punch             |       |     1 ||     1
  Use: Scroll            |     3 |     5 ||     8
       Potion            |       |     2 ||     2
 Stab: Sleeping          |     2 |       ||     2
Armor: Robe              |    87 |    54 ||   141
Dodge: Dodged            |   132 |    66 ||   198

Table legend: (Time is in decaauts)
 A = Elapsed time spent in this place.
 B = Non-inter-level travel time spent in this place.
 C = Inter-level travel time spent in this place.
 D = Time resting spent in this place.
 E = Time spent auto-exploring this place.
 F = Levels seen in this place.
 G = Mean time per level.
                   A        B        C        D        E       F      G
               +--------+--------+--------+--------+--------+-----+--------+
         Total |   1812 |   1773 |     39 |     14 |   1137 |   4 |  453.0 |
       Dungeon |   1812 |   1773 |     39 |     14 |   1137 |   4 |  453.0 |
               +--------+--------+--------+--------+--------+-----+--------+

Top non-repeatable levels by time:
     D:2: 807 daAuts
     D:1: 690 daAuts
     D:3: 271 daAuts
     D:6: 43 daAuts
